 Dungeon Crawl Stone Soup version 0.31-a0-236-g9a0961fb85 (webtiles) character file.

Game seed: 12667259768455266579

7 qw the Vexing (level 2, -2/16 HPs)
             Began as a Gargoyle Hexslinger on July 10, 2023.
             Slain by a kobold
             ... wielding a +0 whip
              (3 damage)
             ... on level 1 of the Dungeon.
             The game lasted 00:00:03 (82 turns).

qw the Vexing (Gargoyle Hexslinger)                   Turns: 82, Time: 00:00:03

Health: -2/16      AC:  4    Str: 11    XL:     2   Next: 0%
Magic:  3/3        EV: 12    Int: 13    God:
Gold:   9          SH:  0    Dex: 12    Spells: 2/3 levels left

rFire   . . .        a - +1 sling
rCold   . . .        (no shield)
rNeg    + . .        c - +0 robe
rPois   inf          (no helmet)
rElec   +            (no cloak)
rCorr   .            (no gloves)
SInv    .            (no boots)
Will    .....        (no amulet)
Stlth   +            (no ring)
HPRegen 0.22/turn    (no ring)
MPRegen 0.08/turn

%: no passive effects
@: no status effects
A: sickness immunity, AC +2, negative energy resistance 1, electricity
resistance, torment resistance 1, petrification resistance
a: no special abilities


You were on level 1 of the Dungeon.
You visited 1 branch of the dungeon, and saw 1 of its levels.

You collected 9 gold pieces.


Innate Abilities, Weirdness & Mutations

You are immune to sickness and miasma.
Your stone body is resilient. (AC +2)
You are immune to poison.
You resist negative energy. (rN+)
You are resistant to electric shocks. (rElec)
You are resistant to unholy torment.
You are immune to petrification.


   Skills:
 - Level 1.1 Fighting
 + Level 2.6 Ranged Weapons
 - Level 1.5 Dodging
 - Level 1.0 Spellcasting
 - Level 2.6 Hexes


You had 2 spell levels left.
You knew the following spells:

 Your Spells              Type           Power      Damage    Failure   Level
a - Slow                  Hex            28%        N/A       10%         1

Your spell library contained the following spells:

 Spells                   Type           Power      Damage    Failure   Level
 Inner Flame              Hex/Fire       4%         N/A       43%         3
 Portal Projectile        Hex/Tloc       8%         N/A       43%         3
 Cause Fear               Hex            3%         N/A       67%         4

Inventory:

Hand Weapons
 a - a +1 sling (weapon)
Armour
 c - a +0 robe (worn)
Scrolls
 b - a scroll of poison

Dungeon Overview and Level Annotations

Branches:
Dungeon (1/15)

Altars:


Message History

You shoot a sling bullet.
The sling bullet closely misses the ball python.
The ball python barely misses you. The ball python constricts you.
The ball python completely misses you. The ball python constricts you.
The kobold hits you with a +0 whip.
You shoot a sling bullet. The sling bullet hits the ball python!
You kill the ball python!
The kobold closely misses you.
The quokka bites you but does no damage.
You shoot a sling bullet. The sling bullet hits the quokka.
The quokka is lightly wounded.
The kobold hits you but does no damage.
The quokka bites you but does no damage.
You shoot a sling bullet.
The sling bullet barely misses the quokka.
The quokka barely misses you. The kobold hits you with a +0 whip.
The quokka bites you but does no damage.
The kobold barely misses you.
You shoot a sling bullet. The sling bullet misses the quokka.
The quokka closely misses you. The kobold barely misses you.
You shoot a sling bullet. The sling bullet misses the quokka.
The quokka closely misses you. The kobold hits you with a +0 whip.
The quokka bites you.
You shoot a sling bullet. The sling bullet hits the quokka.
You kill the quokka!
The kobold hits you but does no damage.
You have reached level 2!
You shoot a sling bullet.
The sling bullet completely misses the kobold.
The kobold hits you but does no damage. The kobold barely misses you.
You shoot a sling bullet.
The sling bullet closely misses the kobold.
The kobold misses you.
You shoot a sling bullet.
The sling bullet barely misses the kobold.
The kobold hits you with a +0 whip.
You shoot a sling bullet.
The sling bullet closely misses the kobold.
The kobold hits you with a +0 whip.
You die...

####....# #..'.....
####....# #...## ##
####'## #.. #....# #.###
##.#### . #(K.## #..#
...###@.# #.##
...8..%#.#######.#######
###...#...##.....~~~~~~~
#...#.#.##.....~####~~
#.###..........~# ###
................~# +..
.....+...........~# ###
.... #...........~~# #..
#####...####~~# #..


You could see a kobold.

Vanquished Creatures
  3 ball pythons (D:1)
  A quokka (D:1)
  A bat (D:1)
  A kobold (D:1)
  A rat (D:1)
7 creatures vanquished.

Notes
Turn   | Place    | Note
-------+----------+-------------------------------------------
     0 | D:1      | qw the Gargoyle Hexslinger began the quest for the Orb.
     0 | D:1      | Reached XP level 1. HP: 12/12 MP: 2/2
     0 | D:1      | 0 ||| qw: Version: 0.3-a-52-g30416fa
     0 | D:1      | 0 ||| qw: Game counter: 4584
     0 | D:1      | 0 ||| qw: Melee chars always use a shield: true
     0 | D:1      | 0 ||| qw: God list: Okawaru
     0 | D:1      | 0 ||| qw: Allow faded altars: false
     0 | D:1      | 0 ||| qw: Do Orc after clearing Dungeon:15 true
     0 | D:1      | 0 ||| qw: Do second Lair branch before Depths: true
     0 | D:1      | 0 ||| qw: Lair rune preference: random
     0 | D:1      | 0 ||| qw: Goals: Normal
     0 | D:1      | 0 ||| PLANNING D:1-11
    77 | D:1      | HP: 3/12 [kobold/+0 whip (3)]
    79 | D:1      | Reached XP level 2. HP: 4/16 MP: 3/3
    81 | D:1      | HP: 1/16 [kobold/+0 whip (4)]
    82 | D:1      | Slain by a kobold

Levels and vault maps discovered:
D:1:      heliophobic_arrival_glass_houses, layout_basic, grunt_decor_cap,
          serial_bayou_pond_e, minmay_pentomino_v4

Action                     || total
---------------------------++-------
   Fire: Sling             ||    18
 Armour: Robe              ||     6
  Dodge: Dodged            ||    11

Table legend:
 A = Non-vault XP
 B = Vault XP
 C = Vault XP percentage of total XP
 D = Non-vault monster count
 E = Vault monster count
 F = Vault count percentage of total count
                 A         B        C        D         E       F
            +---------+---------+-------+---------+---------+-------
      Total |       3 |       7 |  70.0 |       2 |       5 |  71.4
            +---------+---------+-------+---------+---------+-------
        D:1 |       3 |       7 |  70.0 |       2 |       5 |  71.4
            +---------+---------+-------+---------+---------+-------
